 Dungeon Crawl Stone Soup version 0.21.0 (webtiles) character file.

4566 BrokenGlass the Grappler (level 10, -5/74 HPs)
             Began as an Octopode Fighter on Jan 8, 2018.
             Was a Follower of Ashenzari.
             Slain by a two-headed ogre
             ... wielding a +0 giant club
              (35 damage)
             ... on level 8 of the Dungeon.
             The game lasted 00:08:44 (6995 turns).

BrokenGlass the Grappler (Octopode Fighter)         Turns: 6995, Time: 00:08:45

Health: -5/74      AC:  1    Str: 17    XL:     10   Next: 40%
Magic:  7/10       EV: 14    Int: 12    God:    Ashenzari [*.....]
Gold:   324        SH:  0    Dex: 12    Spells: 6/9 levels left

rFire    . . .     SeeInvis .     - Unarmed
rCold    . . .     Gourm    .   (no shield)
rNeg     . . .     Faith    .   (helmet restricted)
rPois    .         Spirit   .   p - amulet of regeneration (curse)
rElec    .         Reflect  .   l - ring of stealth (curse)
rCorr    .         Harm     .   (no ring)
MR       .....                  (no ring)
Stlth    +++++.....             (no ring)
HPRegen  0.62/turn              (no ring)
MPRegen  0.12/turn              (no ring)
                                (no ring)
                                (no ring)

@: very slightly contaminated
A: almost no armour, stealthy swim, amphibious, 8 rings, constrict 8, camouflage
1, gelatinous body 1
a: Curse Item, Scrying, Renounce Religion


You were on level 8 of the Dungeon.
You worshipped Ashenzari.
Ashenzari was aware of your devotion.
You were hungry.

You visited 1 branch of the dungeon, and saw 8 of its levels.

You collected 324 gold pieces.

Inventory:

Missiles
 y - 3 exploding tomahawks (quivered)
 C - 44 bolts
Armour
 a - a cursed +0 shield
Jewellery
 l - a cursed ring of stealth (left tentacle)
 p - a cursed amulet of regeneration (around mantle)
 v - a cursed +3 amulet of reflection
Wands
 z - a wand of scattershot (2)
 J - a wand of polymorph (11)
Scrolls
 b - a scroll of enchant weapon {unknown}
 g - a scroll of enchant armour {unknown}
 j - 4 scrolls of teleportation {unknown}
 k - 2 scrolls of magic mapping {unknown}
 o - 6 scrolls of identify {unknown}
 r - a scroll of immolation {unknown}
 s - a scroll of blinking {unknown}
 x - a scroll of noise {unknown}
 A - a scroll of silence {unknown}
 F - a scroll of vulnerability {unknown}
 H - a scroll of remove curse
Potions
 d - a potion of berserk rage {unknown}
 e - a potion of resistance {unknown}
 f - 10 potions of curing {unknown}
 h - 3 potions of lignification {unknown}
 i - 5 potions of degeneration {unknown}
 m - a potion of haste {unknown}
 n - 2 potions of magic {unknown}
 q - a potion of cancellation {unknown}
 t - 3 potions of heal wounds {unknown}
 u - a potion of flight {unknown}
 w - a potion of might
 B - 2 potions of mutation {unknown}
 D - a potion of brilliance {unknown}
 E - a potion of ambrosia {unknown}
 G - 2 potions of agility {unknown}
Books
 I - a book of Necromancy

   Spells                             Type                      Level
   a - Pain                           Necromancy                   1
   b - Animate Skeleton               Necromancy                   1
   c - Vampiric Draining              Necromancy                   3
   d - Regeneration                   Charms/Necromancy            3
   e - Animate Dead                   Necromancy                   4
   f - Borgnjor's Vile Clutch         Necromancy/Earth             5
Comestibles
 c - 10 rations


   Skills:
 + Level 9.2 Fighting
 * Level 3.3 Dodging
 - Level 6.8 Stealth
 - Level 3.0 Shields
 - Level 11.0 Unarmed Combat
 + Level 0.2 Charms
 + Level 0.2 Necromancy


You had 6 spell levels left.
You knew the following spells:

 Your Spells              Type           Power        Failure   Level  Hunger
a - Regeneration          Chrm/Necr      #.........   67%         3    ####...


Dungeon Overview and Level Annotations

Branches:
Dungeon (8/15)             Temple (0/1) D:6
   Lair: D:8-11

Altars:
Ashenzari
Elyvilon
Fedhas
Gozag
Nemelex Xobeh
Qazlal
Ru
Trog
Uskayaw
Yredelemnul

Shops:
D:6 [


Innate Abilities, Weirdness & Mutations

You cannot wear most types of armour.
You are very stealthy in the water. (Stealth+)
You are amphibious.
You can wear up to eight rings at the same time.
You can use your tentacles to constrict eight enemies at once.
Your skin changes colour to match your surroundings (Stealth+).
Your rubbery body absorbs attacks. (AC +1, EV +1)


Message History

You bludgeon the two-headed ogre! You tentacle-slap the two-headed ogre.
The two-headed ogre is moderately wounded.
The two-headed ogre hits you with a giant club!
The two-headed ogre misses you.
You are too injured to fight recklessly!
You are too injured to fight recklessly!
You are too injured to fight recklessly!
You are too injured to fight recklessly!
Unknown command.
Things that are here:
a cursed enchanted shortbow; 24 arrows; a centaur corpse
There is an open door here.
Casting: Regeneration
Confirm with . or Enter, or press ? or * to list all spells.
You miscast Regeneration.
You are very lightly contaminated with residual magic.
You feel very uncomfortable.
You are feeling hungry.
The two-headed ogre hits you with a giant club!!
You die...

.#. #.# #.# ##+#
#.# ##...#
####.## ##.....##
##.#.#.##
#.......##
#...###.##
.....%...####..##
##.##
........)'.O@.##
##.#
.........####..##
##.## #.......##
##..###.##
##.....##
###.#.## ##...#
##.## ##+# #.#
###.##### #.# #
.... ..# #.#
#.##.###.# #.#


You could see a two-headed ogre.

Vanquished Creatures
  Joseph (D:7)
  The ghost of Somebody the Magician, a novice DENe of Kikubaaqudgha (D:5)
  Sigmund (D:6)
  8 orc warriors
  5 ogres
  A phantom (D:5)
  A crocodile (D:8)
  4 centaurs
  A big kobold (D:8)
  6 bullfrogs
  A water moccasin zombie (D:8)
  3 scorpions
  4 wights (D:6)
  A howler monkey (D:4)
  4 crimson imps
  6 orc priests
  5 hounds
  15 orc wizards
  Ijyb (D:5)
  2 iguanas
  5 worker ants
  2 hound skeletons (D:6)
  4 gnolls (D:2)
  6 adders
  3 oozes
  An adder zombie (D:7)
  An adder skeleton (D:5)
  A dart slug (D:5)
  5 leopard geckos
  31 orcs
  A ball python (D:5)
  7 giant cockroaches
  9 goblins
  2 hobgoblins
  8 jackals
  15 kobolds
  4 quokkas
  5 bats
  5 frilled lizards
  A jackal skeleton (D:4)
  A jackal zombie (D:6)
  A leopard gecko zombie (D:5)
  18 rats
207 creatures vanquished.

Vanquished Creatures (others)
  An orc wizard (D:5)
  A rat (D:1)
2 creatures vanquished.

Grand Total: 209 creatures vanquished

Notes
Turn   | Place    | Note
-------+----------+-------------------------------------------
     0 | D:1      | BrokenGlass the Octopode Fighter began the quest for the Orb.
     0 | D:1      | Reached XP level 1. HP: 16/16 MP: 1/1
    26 | D:1      | Reached XP level 2. HP: 9/21 MP: 2/2
   270 | D:1      | Reached skill level 3 in Unarmed Combat
   512 | D:1      | Reached XP level 3. HP: 26/26 MP: 3/3
   874 | D:2      | Reached skill level 4 in Unarmed Combat
   927 | D:2      | Reached XP level 4. HP: 18/31 MP: 4/4
  1203 | D:2      | HP: 1/31 [gnoll/halberd (14)]
  1511 | D:2      | Reached skill level 5 in Unarmed Combat
  1511 | D:2      | Reached XP level 5. HP: 16/36 MP: 5/5
  1956 | D:2      | Found a sparkling altar of Nemelex Xobeh.
  2014 | D:2      | Found a shattered altar of Ashenzari.
  2018 | D:2      | Became a worshipper of Ashenzari the Shackled
  2263 | D:3      | Found a white marble altar of Elyvilon.
  2327 | D:3      | Found a basalt altar of Yredelemnul.
  2883 | D:4      | Reached XP level 6. HP: 33/42 MP: 6/6
  2922 | D:4      | Reached skill level 6 in Unarmed Combat
  2978 | D:4      | Noticed an orc warrior
  2991 | D:5      | Entered Level 5 of the Dungeon
  2997 | D:5      | Killed an orc warrior
  3105 | D:4      | Noticed an orc warrior
  3109 | D:4      | Reached XP level 7. HP: 34/48 MP: 7/7
  3138 | D:4      | Reached * piety under Ashenzari
  3171 | D:4      | Reached skill level 7 in Unarmed Combat
  3371 | D:4      | Found a hide-covered altar of Uskayaw.
  3536 | D:5      | Reached skill level 5 in Fighting
  3642 | D:5      | Reached skill level 8 in Unarmed Combat
  3642 | D:5      | Reached XP level 8. HP: 35/55 MP: 8/8
  4095 | D:5      | Reached skill level 1 in Stealth
  4314 | D:5      | Noticed Ijyb
  4321 | D:5      | Killed Ijyb
  4340 | D:5      | Reached skill level 9 in Unarmed Combat
  4413 | D:5      | Noticed Somebody's ghost (novice DENe)
  4429 | D:5      | Killed Somebody's ghost
  4429 | D:5      | Reached XP level 9. HP: 44/63 MP: 9/9
  4936 | D:6      | Found Hitarux's Antique Armour Shoppe.
  4980 | D:6      | Found a staircase to the Ecumenical Temple.
  5187 | D:6      | Found a bloodstained altar of Trog.
  5242 | D:6      | Noticed Sigmund
  5255 | D:6      | Killed Sigmund
  5378 | D:7      | Noticed Joseph
  5489 | D:7      | Reached skill level 10 in Unarmed Combat
  5584 | D:7      | Reached skill level 5 in Stealth
  5595 | D:7      | Killed Joseph
  5608 | D:7      | Reached XP level 10. HP: 27/73 MP: 10/10
  5921 | D:7      | Found a bloodstained altar of Trog.
  5921 | D:7      | Found a stormy altar of Qazlal.
  5922 | D:7      | Found a blossoming altar of Fedhas.
  6333 | D:7      | Found a sacrificial altar of Ru.
  6364 | D:7      | Found an opulent altar of Gozag.
  6631 | D:8      | Reached skill level 11 in Unarmed Combat
  6882 | D:8      | Learned a level 3 spell: Regeneration
  6983 | D:8      | Noticed a two-headed ogre
  6995 | D:8      | Slain by a two-headed ogre

Skill      XL: |  1  2  3  4  5  6  7  8  9 10 |
---------------+-------------------------------+-----
Unarmed Combat | 3 4 5 6 8 9 10 11 | 11.0
Fighting       | 4 5 6 8 9 |  9.2
Stealth        | 3 5 6 |  6.8
Dodging        | |  3.3
Shields        | |  3.0
Charms         | |  0.2
Necromancy     | |  0.2

Action                   |  1- 3 |  4- 6 |  7- 9 | 10-12 || total
-------------------------+-------+-------+-------+-------++-------
Melee: Unarmed           |    82 |   110 |   207 |    95 ||   494
       Constrict         |    22 |    33 |    42 |    24 ||   121
       Tentacles         |    15 |    16 |    47 |    24 ||   102
       Punch             |     1 |     2 |    13 |    13 ||    29
Invok: Curse Item        |       |     1 |     3 |       ||     4
Evoke: Wand              |       |       |     2 |       ||     2
  Use: Potion            |       |     1 |     1 |       ||     2
 Stab: Sleeping          |     6 |     9 |    12 |     9 ||    36
  Eat: Chunk             |       |     7 |     8 |     4 ||    19
Armor: Skin              |    10 |     5 |     5 |     1 ||    21
Dodge: Dodged            |    58 |    93 |   115 |    43 ||   309
